 Dungeon Crawl Stone Soup version 0.18.1-1-g2f07953 (webtiles) character file.

724500 Shasbat the Annihilator (level 27, -16/165 HPs)
             Began as a Deep Elf Conjurer on May 6, 2016.
             Was the Champion of Vehumet.
             Demolished by a Killer Klown (17 damage)
             ... on level 5 of the Realm of Zot on May 12, 2016.
             The game lasted 20:38:06 (91520 turns).

Shasbat the Annihilator (Deep Elf Conjurer)        Turns: 91520, Time: 20:38:07

Health: -16/165    AC: 23    Str:  7    XL:     27
Magic:  2/75       EV: 24    Int: 42    God:    Vehumet [******]
Gold:   4146       SH:  8    Dex: 17    Spells: 11 memorised, 19 levels left

rFire  + . .     SeeInvis +     b - staff of fire
rCold  + . .     Gourm    .     q - +1 ring mail "Lurinnacoa" {rPois rCorr Int+3 Stlth+}
rNeg   + . .     Faith    .     d - +3 buckler {rC+}
rPois  +         Spirit   .     Y - +2 hat {Int+3}
rElec  .         Dismiss  .     L - +0 cloak of the Sun {rN+ MP+9 Str+4}
rCorr  +         Reflect  .     e - +2 pair of gloves of Vanity {SInv Stlth+}
SustAt .         Harm     .     g - +2 pair of boots {run}
MR     ++...     Clarity  +     l - amulet "Cudocob" {RegenMP MP+9}
Stlth  ++++......               N - ring of Robustness {AC+8}
                                T - ring "Masiusty" {MP+9 Int+4}

@: very slightly contaminated, deflect missiles, invisible, quick, very
resistant to hostile enchantments, stealthy
A: blurry vision 1, clarity, low mp 1, weak 1
a: Renounce Religion
}: 4/15 runes: serpentine, barnacled, slimy, silver


You were on level 5 of the Realm of Zot.
You worshipped Vehumet.
Vehumet was exalted by your worship.
You were not hungry.

You visited 12 branches of the dungeon, and saw 61 of its levels.
You visited 1 bazaar.
You also visited: Labyrinth.

You collected 9193 gold pieces.
You spent 5047 gold pieces at shops.

Inventory:

Hand Weapons
 a - the +4 dagger "Morg" {pain, MR+ Int+5}
   (You found it on level 3 of the Crypt)

   In the hands of one skilled in necromantic magic, it inflicts extra damage on
   living creatures.
   It affects your intelligence (+5).
   It affects your resistance to hostile enchantments.
Armour
 d - a +3 buckler of cold resistance (worn)
 e - the +2 pair of gloves of Vanity (worn) {SInv Stlth+}
   (You found it on level 1 of the Elven Halls)

   It lets you see invisible.
   It makes you more stealthy.
 g - a +2 pair of boots of running (worn)
 q - the +1 ring mail "Lurinnacoa" (worn) {rPois rCorr Int+3 Stlth+}
   (You found it on level 2 of the Snake Pit)

   It affects your intelligence (+3).
   It protects you from poison.
   It protects you from acid and corrosion.
   It makes you more stealthy.
 u - the +0 leather armour of Least Resistance {Regen+ Int+2 Stlth+}
   (You found it on level 13 of the Dungeon)

   It affects your intelligence (+2).
   It increases your rate of regeneration.
   It makes you more stealthy.
 x - a +2 cloak of magic resistance
 L - the +0 cloak of the Sun (worn) {rN+ MP+9 Str+4}
   (You found it on level 2 of the Vaults)

   It affects your strength (+4).
   It protects you from negative energy.
   It affects your magic capacity (+9).
 Y - a +2 hat of intelligence (worn)
Magical Staves
 b - an uncursed staff of fire (weapon)
Jewellery
 f - an uncursed ring of sustain attributes
 l - the amulet "Cudocob" (around neck) {RegenMP MP+9}
   (You bought it in a shop on level 2 of the Orcish Mines)

   [amulet of magic regeneration]

   It increases your magic regeneration.
   It affects your magic capacity (+9).
 z - an uncursed ring of flight
 D - an uncursed ring of protection from fire
 M - an uncursed ring of protection from cold
 N - the ring of Robustness (right hand) {AC+8}
   (You found it on level 4 of the Lair of Beasts)

   [ring of protection]

   It affects your AC (+8).
 O - an uncursed ring of protection from magic
 T - the ring "Masiusty" (left hand) {MP+9 Int+4}
   (You found it in a labyrinth)

   [ring of magical power]

   It affects your intelligence (+4).
   It affects your magic capacity (+9).
Wands
 p - a wand of digging (8/24)
 A - a wand of heal wounds (7/9)
 Z - a wand of hasting (6/9)
Scrolls
 m - 4 scrolls of recharging
 n - 7 scrolls of teleportation
 s - 5 scrolls of identify
 t - 2 scrolls of blinking
 w - a scroll of fear
 G - 2 scrolls of magic mapping
 H - 3 scrolls of amnesia
 K - 26 scrolls of remove curse
Potions
 j - 35 potions of curing
 k - 2 potions of flight
 o - 6 potions of cancellation
 v - 7 potions of brilliance
 C - 2 potions of haste
 V - 6 potions of cure mutation
 X - 2 potions of heal wounds
Books
 F - an Akashic Record

   Spells                             Type                      Level
   a - Dispersal                      Translocation                6
   b - Malign Gateway                 Summoning/Translocation      7
   c - Disjunction                    Translocation                8
   d - Controlled Blink               Translocation                8
Miscellaneous
 B - a lamp of fire
 E - a phial of floods
 Q - a stone of tremors
 R - a fan of gales
Comestibles
 c - 33 bread rations
 h - 15 meat rations
 i - 23 fruits
 r - a royal jelly


   Skills:
 - Level 15.0 Fighting
 - Level 25.0 Dodging
 - Level 2.4 Stealth
 - Level 4.3 Shields
 - Level 25.0 Spellcasting
 O Level 27 Conjurations
 - Level 10.0 Hexes
 - Level 12.0 Charms
 - Level 3.0 Translocations
 * Level 22.7 Fire Magic
 - Level 11.7 Air Magic
 + Level 15.1 Earth Magic
 - Level 7.0 Poison Magic


You had 19 spell levels left.
You knew the following spells:

 Your Spells              Type           Power        Failure   Level  Hunger
a - Iskenderun's Mystic   Conj           ########     0%          4    None
d - Orb of Destruction    Conj           ########..   1%          7    None
e - Fireball              Conj/Fire      #########.   0%          5    None
f - Lehudib's Crystal Sp  Conj/Erth      ########..   1%          8    None
g - Fire Storm            Conj/Fire      #########.   2%          9    None
h - Haste                 Chrm           ########     1%          6    None
i - Invisibility          Hex            #######.     3%          6    None
j - Blink                 Tloc           N/A          1%          2    None
m - Deflect Missiles      Chrm/Air       ########..   1%          6    None
p - Cure Poison           Pois           #######...   1%          2    None
r - Delayed Fireball      Conj/Fire      N/A          1%          7    None


Dungeon Overview and Level Annotations

Branches:
Dungeon (15/15)            Temple (1/1) D:4            Lair (8/8) D:8
 Shoals (4/4) Lair:3        Snake (4/4) Lair:5        Slime (6/6) Lair:7
    Orc (2/2) D:11            Elf (3/3) Orc:2        Vaults (5/5) D:13
  Crypt (3/3) Vaults:2       Tomb (0/3) Crypt:3      Depths (5/5) D:15
    Zot (5/5) Depths:5

Altars:
Ashenzari
Cheibriados
Dithmenos
Elyvilon
Fedhas
Gozag
Kikubaaqudgha
Makhleb
Nemelex Xobeh
Okawaru
Pakellas
Qazlal
Ru
Sif Muna
Trog
Vehumet
Xom
Yredelemnul
Zin
The Shining One
Beogh

Shops:
D:5 !   D:9 [   D:14 *   Orc:2 %[[=   Elf:1 ?   Elf:3 :   Snake:3 *
Vaults:4 %   Depths:4 [

Portals:
Hell: Depths:1 Depths:2 Depths:3 Depths:4 Depths:5
Abyss: Depths:1 Depths:4
Pandemonium: Depths:1 Depths:3 Depths:4 Depths:5
Ziggurat: Depths:2
Trove: Vaults:2 (give +5 fire dragon armour)


Innate Abilities, Weirdness & Mutations

Scrolls take you a little longer to read.
You possess an exceptional clarity of mind.
Your magical capacity is low (-10% MP).
You are weak. (Str -2)


Message History

The ancient lich flickers and vanishes for a moment.
The Executioner closely misses you. x2; The Executioner hits you.
* * * LOW HITPOINT WARNING * * *
Unknown command.
Drink which item? (? for menu, Esc to quit)
You fade into invisibility!
The Executioner hits you.
* * * LOW HITPOINT WARNING * * *
The Executioner completely misses you. The Executioner barely misses you.
The Executioner hits you!
* * * LOW HITPOINT WARNING * * *
The Executioner completely misses you.
The Executioner hits you but does no damage.
The electric golem blinks!
You block the Killer Klown's attack. The Orb Guardian hits you!!
* * * LOW HITPOINT WARNING * * *
The Executioner barely misses you.
The Executioner hits you but does no damage.
The Executioner closely misses you. The Killer Klown slaps you!
You die...

##..............## #......§
*#................## ##......
**.........^$.......## #......
*,...................# ##.....
*,.....§^............# #.....
*,.....8...L.........# ##.v...
*,.......§...X.......# #......
*,......^.§L.1.^.....# *#......
*,.........2Xp@......#*#.......
**...........X......###...#####
*#........^.......##....##
##................^..##*
▓▓.....###▓▓▓▓▓▓▓▓▓▓*
**.......,,,,,,,,****
**,,,...,,,,,,,,,,,,,***
**,,,,,,,,,,,,,,,,,,,,,,**
*,,,,,,,,,,,,,,,,,,,,,,,,* ****


You could see a Killer Klown, an electric golem, 2 ancient liches, 3 Orb
Guardians, a balrug and an Executioner.

Vanquished Creatures
  the Royal Jelly (Slime:6)
  2 orbs of fire (Zot:5)
  Mennas (Vaults:4)
  A juggernaut (Depths:2)
  6 ancient liches
  Mara (Depths:3)
  Boris (Depths:5)
  Saint Roka (Orc:2)
  2 Killer Klowns
  Norris (Depths:2)
  4 curse toes
  3 golden dragons
  Nikola (Depths:1)
  An iron giant (Depths:5)
  3 bone dragons
  Jorgrun (Depths:2)
  2 electric golems
  11 liches
  15 tentacled monstrosities
  21 Orb Guardians (Zot:5)
  33 acid blobs
  A quicksilver dragon (shapeshifter) (Vaults:5)
  2 deep elf master archers (Elf:3)
  7 titans
  3 quicksilver dragons (Vaults:5)
  5 death cobs
  A deep elf blademaster (Elf:3)
  Agnes (D:15)
  A kraken (Shoals:4)
  Frances (Elf:1)
  3 ancient champions
  8 sphinxes
  13 storm dragons
  6 shadow dragons
  Wiglaf (Vaults:3)
  A draconian monk (Zot:5)
  8 tengu reavers
  14 fire giants
  Ilsuiw (Shoals:4)
  2 ghost moths (Zot:4)
  11 greater nagas
  10 deep elf sorcerers
  An azure jelly (shapeshifter) (Depths:2)
  13 frost giants
  11 azure jellies
  2 revenants (Crypt:2)
  2 draconian knights
  Maud (Lair:7)
  20 vault wardens
  7 iron dragons
  Aizul (Snake:1)
  A draconian shifter (Zot:2)
  An orc warlord (Orc:2)
  4 draconian scorchers
  3 curse skulls
  2 draconian zealots
  2 angels (Depths:2)
  5 deep elf elementalists
  24 ironheart preservers
  2 draconian callers
  11 ghouls
  7 war gargoyles
  A juggernaut skeleton (Crypt:2)
  30 stone giants
  A draconian annihilator (Depths:5)
  16 very ugly things
  7 vampire knights
  2 green draconians
  A salamander stormcaller (Vaults:5)
  Nessos (Lair:7)
  A dire elephant (Lair:8)
  9 yellow draconians
  7 white draconians
  5 deep elf demonologists
  6 black draconians
  6 deep elf annihilators
  2 mottled draconians (Depths:5)
  3 red draconians
  4 purple draconians
  7 spark wasps
  4 eidola
  13 ettins
  35 vault guards
  An ettin (shapeshifter) (Vaults:2)
  5 deep elf death magi
  A minotaur (Lab)
  8 jiangshi
  6 deep elf high priests
  A quicksilver dragon zombie (Crypt:3)
  6 death oozes
  6 merfolk javelineers
  13 fire dragons
  The ghost of KNBrisson the Grappler, a journeyman TrMo (Lair:1)
  8 merfolk impalers
  32 yaktaur captains
  21 great orbs of eyes
  9 hydras
  Fannar (Orc:1)
  9 entropy weavers
  16 naga warriors
  7 rakshasas
  A juggernaut simulacrum (Depths:1)
  24 ice dragons
  4 spriggan air magi
  4 merfolk aquamancers
  A hell beast (Depths:4)
  A catoblepas (Lair:8)
  25 ogre magi
  5 merfolk avatars
  4 death knights
  2 satyrs
  2 alligator snapping turtles
  An anaconda (Snake:4)
  27 dancing weapons
  6 tengu warriors
  A queen ant (shapeshifter) (Depths:5)
  16 deep troll shamans
  11 centaur warriors
  An alligator snapping turtle (shapeshifter) (Vaults:5)
  A queen ant (Lair:3)
  13 deep troll earth magi
  10 death yaks (Lair:8)
  9 vampire magi
  An orc high priest (Elf:2)
  3 spriggan berserkers
  13 naga sharpshooters
  Urug (D:10)
  7 shock serpents
  2 titan skeletons
  22 deep elf knights
  A fire crab (shapeshifter) (D:15)
  34 skeletal warriors
  3 storm dragon skeletons
  2 fire crabs
  A storm dragon zombie (Crypt:3)
  6 wizards
  2 salamander mystics (Snake:3)
  4 iron trolls
  6 shadow wraiths
  9 sea snakes
  A deep troll (shapeshifter) (Vaults:2)
  2 giant orange brains
  11 hill giants
  4 unseen horrors
  31 hell knights
  46 deep trolls
  2 gelid demonspawn (Depths:4)
  The ghost of abeheron the Covert, a novice SpEn of Kikubaaqudgha (D:10)
  10 flayed ghosts
  A swamp dragon (Vaults:4)
  17 deep elf archers
  6 ironbrand convokers
  10 naga ritualists
  13 harpies
  A lindwurm (shapeshifter) (D:15)
  13 necromancers
  15 phantasmal warriors
  5 wolf spiders
  10 mana vipers
  28 orc knights
  An oklob plant (Lair:7)
  3 orc sorcerers
  22 griffons
  7 fauns
  6 shining eyes
  A stone giant zombie (Crypt:2)
  4 hornets
  2 frost giant zombies
  35 ugly things
  13 salamanders
  11 manticores
  65 deep elf magi
  36 black mambas
  9 moths of wrath
  A fire giant skeleton (Crypt:3)
  3 stone giant skeletons
  16 cyclopes
  Maurice (D:8)
  16 vault sentinels
  7 sirens
  A frost giant skeleton (Crypt:3)
  28 naga magi
  10 elephants
  A rust devil (Depths:4)
  A shock serpent zombie (Crypt:3)
  6 water nymphs
  Psyche (D:8)
  4 guardian serpents
  5 smoke demons (Crypt:3)
  2 eyes of devastation
  3 rime drakes
  A water nymph (shapeshifter) (Depths:4)
  A swamp worm zombie (Crypt:1)
  A black draconian zombie (Crypt:1)
  12 spiny frogs
  5 gargoyles
  A shock serpent skeleton (Crypt:3)
  An alligator snapping turtle zombie (Crypt:2)
  A kobold demonologist (Vaults:3)
  A purple draconian zombie (Crypt:1)
  A spiny frog (shapeshifter) (Vaults:1)
  5 human zombies
  61 yaktaurs
  10 freezing wraiths
  An ice devil (Depths:4)
  An efreet (D:14)
  An emperor scorpion zombie (Crypt:1)
  13 komodo dragons
  2 tengu conjurers
  3 human skeletons
  3 guardian mummies (Crypt:3)
  3 hydra zombies
  A troll (shapeshifter) (Vaults:3)
  A polar bear (Lair:8)
  4 red devils
  2 jumping spiders
  A queen bee (shapeshifter) (Vaults:4)
  18 blink frogs
  47 two-headed ogres
  A wind drake (shapeshifter) (Vaults:3)
  34 merfolk
  16 trolls
  2 hydra skeletons (Crypt:3)
  A raiju (shapeshifter) (D:15)
  A polar bear (shapeshifter) (Depths:1)
  2 wind drakes (Shoals:3)
  2 bog bodies (Crypt:1)
  2 blink frogs (shapeshifter)
  145 slime creatures
  11 snapping turtles
  An ushabti (Crypt:3)
  A fire dragon zombie (Crypt:1)
  5 boulder beetles
  A griffon skeleton (Crypt:1)
  7 air elementals
  5 shadows
  62 yaks
  16 water elementals
  A vampire (D:14)
  24 wraiths
  An ice dragon skeleton (Crypt:2)
  13 redbacks
  An alligator skeleton (Crypt:3)
  A human (shapeshifter) (D:15)
  3 tarantellas
  A wyvern (D:9)
  2 black mamba skeletons (Crypt:3)
  A yak (shapeshifter) (D:13)
  7 basilisks
  2 hogs (shapeshifter)
  2 fire elementals
  A golden eye (shapeshifter) (Vaults:3)
  17 golden eyes
  5 hungry ghosts
  14 hippogriffs
  49 nagas
  33 vampire mosquitoes
  A putrid demonspawn zombie (Crypt:2)
  A mottled dragon (D:11)
  13 wargs
  A torturous demonspawn skeleton (Crypt:1)
  14 water moccasins
  12 porcupines
  A giant eyeball (Slime:5)
  15 soldier ants (Lair:3)
  A swamp drake (shapeshifter) (Vaults:4)
  A black bear (D:9)
  3 wasps
  97 ogres
  2 ice beasts
  5 phantoms
  4 sky beasts
  A blink frog zombie (Crypt:1)
  7 eyes of draining
  5 necrophages
  A tengu (shapeshifter) (Depths:5)
  49 orc warriors
  9 boggarts
  22 centaurs
  33 wolves
  9 crocodiles
  A snapping turtle skeleton (Crypt:3)
  6 big kobolds
  An anubis guard skeleton (Crypt:1)
  An elf zombie (Crypt:2)
  2 earth elementals (Elf:2)
  27 giant frogs
  7 scorpions
  17 wights
  7 killer bees
  A spriggan skeleton (Crypt:2)
  4 electric eels
  8 centaur zombies
  A howler monkey (D:11)
  2 giant frog zombies
  8 crimson imps
  4 quasits
  32 orc priests
  6 hounds
  37 jellies
  A gnoll shaman (D:9)
  31 orc wizards
  An iron imp (Depths:2)
  4 centaur skeletons
  2 giant frog skeletons
  17 iguanas
  2 hell rats (Lair:2)
  47 worker ants
  Terence (D:2)
  A boulder beetle simulacrum (Vaults:2)
  35 sheep
  A felid zombie (Crypt:2)
  A centaur simulacrum (D:12)
  A hound zombie (Crypt:1)
  2 hound skeletons (D:8)
  6 mummies
  A worker ant zombie (D:6)
  93 river rats
  16 adders
  7 shadow imps
  5 white imps
  2 ufetubi (Depths:4)
  4 oozes
  An ooze (shapeshifter) (Vaults:5)
  An adder skeleton (D:4)
  4 worms
  A dart slug (D:1)
  3 giant geckos
  131 orcs
  4 ball pythons
  6 giant cockroaches
  12 goblins
  7 hobgoblins
  12 jackals
  2 quokkas (D:9)
  A ball python zombie (Crypt:1)
  6 bats
  A giant gecko skeleton (D:4)
  4 giant newts
  25 kobolds
  An orc zombie (Crypt:2)
  2 quokka skeletons
  A quokka zombie (D:4)
  7 rats
  A bush (D:15)
  9 fire vortices
  5 lost souls
  3 plants
  3 tentacles (Shoals:4)
3186 creatures vanquished.

Vanquished Creatures (collateral kills)
  An Orb Guardian (Zot:5)
  2 acid blobs (Slime:6)
  A draconian zealot (Zot:4)
  A deep elf demonologist (Elf:3)
  A yaktaur captain (Vaults:5)
  2 slime creatures
  A redback (Vaults:5)
  A spriggan (shapeshifter) (Elf:1)
  An eye of draining (Slime:5)
  An ogre (Vaults:5)
  3 killer bees (D:10)
  4 jellies
  An orc priest (Vaults:5)
  2 orcs
22 creatures vanquished.

Vanquished Creatures (others)
  A golden dragon (Zot:5)
  A draconian caller (Zot:5)
  A rakshasa (Depths:2)
  A merfolk aquamancer (Shoals:4)
  A vampire mage (Crypt:1)
  A deep elf knight (Vaults:4)
  An ugly thing (Depths:2)
  A komodo dragon (Lair:7)
  A naga (Snake:2)
  2 orc warriors
  A river rat (Lair:2)
  A ball lightning (Zot:4)
  4 bushes (D:15)
  196 fire vortices
  27 fungi
  2 lost souls (Crypt:3)
  28 plants
  20 tentacles (Shoals:4)
  684 tentacle segments (Shoals:4)
  4 withered plants
978 creatures vanquished.

Grand Total: 4186 creatures vanquished

Notes
Turn   | Place    | Note
--------------------------------------------------------------
     0 | D:1      | Shasbat the Deep Elf Conjurer began the quest for the Orb.
     0 | D:1      | Reached XP level 1. HP: 10/10 MP: 6/6
    49 | D:1      | Found an iron altar of Okawaru.
   359 | D:1      | Reached XP level 2. HP: 15/15 MP: 5/8
   374 | D:1      | Reached skill level 5 in Conjurations
   679 | D:1      | Learned a level 2 spell: Searing Ray
   680 | D:1      | Reached XP level 3. HP: 19/19 MP: 7/9
  1665 | D:2      | Reached XP level 4. HP: 17/24 MP: 3/10
  2012 | D:2      | Found a snail-covered altar of Cheibriados.
  2108 | D:2      | Noticed Terence
  2268 | D:2      | Reached skill level 6 in Conjurations
  2497 | D:2      | Found a blossoming altar of Fedhas.
  2499 | D:2      | Found an oddly glowing altar of Pakellas.
  2524 | D:2      | Killed Terence
  2524 | D:2      | Reached XP level 5. HP: 28/28 MP: 4/11
  2636 | D:2      | Learned a level 5 spell: Iskenderun's Battlesphere
  3088 | D:3      | Reached skill level 1 in Charms
  3944 | D:4      | Reached skill level 7 in Conjurations
  3944 | D:4      | Reached XP level 6. HP: 29/32 MP: 6/12
  4036 | D:4      | Found a staircase to the Ecumenical Temple.
  4045 | Temple   | Entered the Ecumenical Temple
  4108 | Temple   | Became a worshipper of Vehumet
  4765 | D:5      | Entered Level 5 of the Dungeon
  4875 | D:5      | Found a shattered altar of Ashenzari.
  5019 | D:5      | Found Woem's Distillery.
  5027 | D:5      | Bought a potion of heal wounds for 70 gold pieces
  5054 | D:5      | Noticed a sky beast
  5061 | D:5      | Killed a sky beast
  5061 | D:5      | Reached skill level 8 in Conjurations
  5061 | D:5      | Reached XP level 7. HP: 19/36 MP: 5/13
  5545 | D:5      | Reached * piety under Vehumet
  5545 | D:5      | Offered knowledge of Sandblast by Vehumet.
  5797 | D:6      | Reached skill level 5 in Charms
  5869 | D:6      | Reached skill level 9 in Conjurations
  6214 | D:6      | Reached XP level 8. HP: 41/41 MP: 9/14
  6856 | D:6      | Reached skill level 10 in Conjurations
  6921 | D:6      | Found a white marble altar of Elyvilon.
  7150 | D:6      | Reached skill level 5 in Spellcasting
  7587 | D:7      | Reached skill level 5 in Dodging
  7587 | D:7      | Reached skill level 11 in Conjurations
  7588 | D:7      | Offered knowledge of Throw Frost by Vehumet.
  7715 | D:7      | Reached ** piety under Vehumet
  7903 | D:7      | Reached XP level 9. HP: 45/45 MP: 10/18
  8252 | D:7      | Found an opulent altar of Gozag.
  8514 | D:7      | Found an iron altar of Okawaru.
  8759 | D:8      | Noticed Psyche
  8776 | D:8      | Reached skill level 12 in Conjurations
  8814 | D:8      | Killed Psyche
  8827 | D:8      | Found a staircase to the Lair.
  9408 | D:7      | Offered knowledge of Throw Flame by Vehumet.
  9551 | D:8      | Reached skill level 13 in Conjurations
  9685 | D:8      | Reached *** piety under Vehumet
  9755 | D:8      | Reached skill level 1 in Fighting
  9757 | D:8      | Reached XP level 10. HP: 41/52 MP: 10/19
  9949 | D:8      | Noticed a two-headed hydra
 10003 | D:8      | Killed a two-headed hydra
 10137 | D:8      | Noticed Maurice
 10146 | D:8      | Killed Maurice
 10338 | D:8      | Reached skill level 14 in Conjurations
 10534 | D:9      | Offered knowledge of Mephitic Cloud by Vehumet.
 10540 | D:9      | Learned a level 3 spell: Mephitic Cloud
 10643 | D:9      | Found Gelue's Antique Armour Shoppe.
 10648 | D:9      | Reached skill level 1 in Air Magic
 10680 | D:9      | Bought a spiked leather armour for 182 gold pieces
 10680 | D:9      | Bought a pair of glowing boots for 117 gold pieces
 10690 | D:9      | Identified a +0 pair of boots of running (You bought it in a shop on level 9 of the Dungeon)
 10700 | D:9      | Identified the cursed +1 leather armour of Amorality {rPois MR- Slay+3} (You bought it in a shop on level 9 of the Dungeon)
 10734 | D:9      | Noticed a hill giant
 10931 | D:9      | Killed a hill giant
 10958 | D:9      | Noticed a hill giant
 11245 | D:9      | Found an ancient bone altar of Kikubaaqudgha.
 11292 | D:9      | Killed a hill giant
 11292 | D:9      | Reached XP level 11. HP: 62/62 MP: 10/20
 11410 | D:9      | Reached **** piety under Vehumet
 11724 | D:9      | Offered knowledge of Throw Icicle by Vehumet.
 11724 | D:9      | Reached skill level 5 in Fighting
 12061 | D:9      | Found a shadowy altar of Dithmenos.
 12144 | D:10     | Entered Level 10 of the Dungeon
 12158 | D:10     | Noticed Urug
 12175 | D:10     | Killed Urug
 12270 | D:10     | Learned a level 5 spell: Bolt of Magma
 12412 | D:10     | Reached skill level 5 in Air Magic
 12536 | D:10     | Noticed abeheron's ghost (novice SpEn)
 12583 | D:10     | Killed abeheron's ghost
 12583 | D:10     | Reached skill level 1 in Earth Magic
 12921 | D:10     | Reached skill level 15 in Conjurations
 13073 | D:10     | Reached ***** piety under Vehumet
 13096 | D:10     | Offered knowledge of Orb of Destruction by Vehumet.
 13106 | D:10     | Learned a level 7 spell: Orb of Destruction
 13898 | D:11     | Noticed a hill giant
 13902 | D:11     | Killed a hill giant
 14023 | D:11     | Killed an unseen horror
 14328 | D:11     | Found a staircase to the Orcish Mines.
 14637 | D:11     | Killed an unseen horror
 14734 | D:11     | Reached XP level 12. HP: 71/71 MP: 16/24
 15226 | D:12     | Found a large runed door.
 15226 | D:12     | Found a large runed door.
 15480 | D:12     | Noticed a centaur warrior
 16324 | D:12     | Killed a centaur warrior
 16757 | D:12     | Found a white marble altar of Elyvilon.
 16757 | D:12     | Noticed a storm dragon
 16761 | D:12     | Killed a storm dragon
 16761 | D:12     | Reached skill level 16 in Conjurations
 16785 | D:12     | Noticed an ettin
 16799 | D:12     | Killed an ettin
 16948 | D:12     | Found a basalt altar of Yredelemnul.
 17187 | D:12     | Noticed a centaur warrior
 17189 | D:12     | Killed a centaur warrior
 17340 | D:12     | Identified 2 scrolls of acquirement
 17492 | Lair:1   | Entered Level 1 of the Lair of Beasts
 17641 | Lair:1   | Noticed a four-headed hydra
 17651 | Lair:1   | Noticed KNBrisson's ghost (journeyman TrMo)
 17654 | Lair:1   | Killed a four-headed hydra
 17654 | Lair:1   | Reached skill level 10 in Spellcasting
 17715 | Lair:1   | Killed KNBrisson's ghost
 18114 | Lair:1   | Noticed a four-headed hydra
 18119 | Lair:1   | Killed a four-headed hydra
 18119 | Lair:1   | Reached XP level 13. HP: 56/79 MP: 20/29
 19099 | Lair:2   | Offered knowledge of Delayed Fireball by Vehumet.
 19553 | Lair:2   | Learned a level 7 spell: Delayed Fireball
 19763 | Lair:3   | Found a staircase to the Shoals.
 20370 | Lair:3   | Reached skill level 17 in Conjurations
 20545 | Lair:3   | Learned a level 2 spell: Cure Poison
 20800 | Lair:3   | Reached skill level 1 in Poison Magic
 23131 | Lair:5   | Offered knowledge of Spellforged Servitor by Vehumet.
 23131 | Lair:5   | Reached skill level 10 in Dodging
 23606 | Lair:5   | Reached skill level 10 in Fighting
 23885 | Lair:5   | Found a staircase to the Snake Pit.
 23935 | Lair:5   | Reached XP level 14. HP: 88/88 MP: 21/30
 25075 | Lair:6   | Offered knowledge of Lightning Bolt by Vehumet.
 25083 | Lair:6   | Learned a level 6 spell: Iron Shot
 25508 | Lair:6   | Reached skill level 5 in Poison Magic
 26062 | Lair:7   | Found a staircase to the Slime Pits.
 26154 | Lair:7   | Noticed Maud
 26572 | Lair:7   | Noticed Nessos
 26593 | Lair:7   | Killed Nessos
 27125 | Lair:7   | Killed Maud
 27502 | Lair:8   | Entered Level 8 of the Lair of Beasts
 28427 | Lair:8   | Reached skill level 18 in Conjurations
 29080 | Lair:8   | Offered knowledge of Bolt of Fire by Vehumet.
 30384 | Lair:8   | Reached XP level 15. HP: 94/94 MP: 2/31
 31099 | Orc:1    | Entered Level 1 of the Orcish Mines
 31707 | Orc:1    | Noticed Fannar
 31713 | Orc:1    | Killed Fannar
 31713 | Orc:1    | Reached skill level 5 in Earth Magic
 31913 | Orc:2    | Entered Level 2 of the Orcish Mines
 31913 | Orc:2    | Found Singing's Antique Armour Boutique.
 32050 | Orc:1    | Offered knowledge of Conjure Ball Lightning by Vehumet.
 33023 | Orc:2    | Noticed Saint Roka
 33237 | Orc:2    | Found a staircase to the Elven Halls.
 33240 | Orc:2    | Found Tipnaoje's Food Emporium.
 33245 | Orc:2    | Found Anopn's Antique Armour Emporium.
 33336 | Orc:2    | Bought an embroidered hat for 112 gold pieces
 33388 | Orc:2    | Found Daameaku's Jewellery Shoppe.
 33406 | Orc:2    | Bought a pair of faintly glowing gloves for 285 gold pieces
 33406 | Orc:2    | Identified the cursed +0 pair of gloves of Icsuat {Str+2} (You bought it in a shop on level 2 of the Orcish Mines)
 33421 | Orc:2    | Bought the amulet "Cudocob" {RegenMP MP+9} for 518 gold pieces
 33778 | Orc:2    | Killed Saint Roka
 34033 | Orc:2    | Found a roughly hewn altar of Beogh.
 34217 | Orc:2    | Noticed an orc warlord
 34244 | Orc:2    | Killed an orc warlord
 34270 | Orc:2    | Offered knowledge of Poisonous Cloud by Vehumet.
 34777 | D:13     | Got a sapphire broad axe
 34778 | D:13     | Lost strength.
 34778 | D:13     | Identified the +10 broad axe "Unlipn Kulig" {pain, +Inv +Fly rN+++ Str-5} (You found it on level 13 of the Dungeon)
 34878 | D:13     | Got a pitted leather armour
 34889 | D:13     | Identified the cursed +0 leather armour of Least Resistance {Regen+ Int+2 Stlth+} (You found it on level 13 of the Dungeon)
 36028 | D:13     | Found a gate to the Vaults.
 36129 | D:14     | Reached skill level 19 in Conjurations
 36473 | D:14     | Found Kureap's Blood Bar.
 37109 | D:14     | Gained mutation: You have large cloven feet. [potion of beneficial mutation]
 37124 | D:15     | Entered Level 15 of the Dungeon
 37126 | D:15     | Reached XP level 16. HP: 101/101 MP: 32/32
 37143 | D:15     | Noticed Agnes
 37147 | D:15     | Killed Agnes
 37207 | D:15     | Found a labyrinth entrance.
 37232 | Lab      | Entered a labyrinth
 37371 | Lab      | Identified Seoj's Volume of Confrontation
 37374 | Lab      | Got a glittering turquoise ring
 37382 | Lab      | Identified the Compendium of Malediction
 37387 | D:15     | Identified the ring "Masiusty" {MP+9 Int+4} (You found it in a labyrinth)
 37597 | D:15     | Found an ancient bone altar of Kikubaaqudgha.
 37870 | D:15     | Gained mutation: Your spells are a little easier to cast, but a little less powerful. [mutagenic meat]
 37871 | D:15     | Lost mutation: Your spells are a little easier to cast, but a little less powerful. [potion of cure mutation]
 37871 | D:15     | Lost mutation: You have large cloven feet. [potion of cure mutation]
 38057 | D:15     | Found a staircase to the Depths.
 38079 | D:15     | Gained mutation: Your mind is acute. (Int +2) [mutagenic meat]
 38600 | D:15     | Learned a level 2 spell: Repel Missiles
 38852 | Shoals:1 | Entered Level 1 of the Shoals
 39059 | Shoals:1 | Reached ****** piety under Vehumet
 39987 | Shoals:2 | Reached skill level 20 in Conjurations
 40453 | Shoals:2 | Offered knowledge of Glaciate by Vehumet.
 40453 | Shoals:2 | Offered knowledge of Shatter by Vehumet.
 40453 | Shoals:2 | Offered knowledge of Tornado by Vehumet.
 41319 | Shoals:3 | Learned a level 4 spell: Iskenderun's Mystic Blast
 41423 | Shoals:3 | Reached XP level 17. HP: 108/108 MP: 23/35
 41717 | Shoals:3 | Reached skill level 15 in Dodging
 41883 | Shoals:4 | Entered Level 4 of the Shoals
 42012 | Shoals:4 | Noticed Ilsuiw
 42232 | Shoals:4 | Killed Ilsuiw
 42292 | Shoals:4 | Reached skill level 1 in Shields
 42721 | Shoals:4 | Noticed a kraken
 43079 | Shoals:4 | Killed a kraken
 43176 | Shoals:4 | Got a barnacled rune of Zot
 43921 | Snake:1  | Entered Level 1 of the Snake Pit
 43935 | Snake:1  | Noticed Aizul
 43939 | Snake:1  | Killed Aizul
 43954 | Snake:1  | Gained mutation: You are weak. (Str -2) [mutagenic meat]
 43955 | Snake:1  | Gained mutation: You possess an exceptional clarity of mind. [mutagenic meat]
 44191 | Snake:1  | Reached skill level 21 in Conjurations
 45458 | Snake:2  | Learned a level 2 spell: Blink
 45521 | Snake:2  | Reached XP level 18. HP: 38/114 MP: 26/37
 45827 | Snake:2  | Got a slimy ring mail
 45838 | Snake:2  | Identified the +1 ring mail "Lurinnacoa" {rPois rCorr Int+3 Stlth+} (You found it on level 2 of the Snake Pit)
 46284 | Snake:3  | Found Fyluil's Assorted Antiques.
 46304 | Snake:3  | Bought a potion of curing for 105 gold pieces
 46304 | Snake:3  | Bought a scroll of identify for 70 gold pieces
 46304 | Snake:3  | Bought a potion of heal wounds for 175 gold pieces
 46304 | Snake:3  | Bought a warped dagger for 245 gold pieces
 46304 | Snake:3  | Identified the +8 dagger of the Brain {venom, *Noise rN+ Str+4 Int+4 Dex-5} (You bought it in a shop on level 3 of the Snake Pit)
 46891 | Snake:3  | Reached skill level 1 in Translocations
 47313 | Snake:4  | Entered Level 4 of the Snake Pit
 48487 | Snake:4  | Reached skill level 22 in Conjurations
 49084 | Snake:4  | Got a serpentine rune of Zot
 49614 | Vaults:1 | Entered Level 1 of the Vaults
 49679 | Vaults:1 | Reached XP level 19. HP: 120/120 MP: 18/39
 49843 | Vaults:1 | Found a gateway to a bazaar.
 49866 | Bazaar   | Entered a bazaar
 49866 | Bazaar   | Found Qohinen's General Store.
 49875 | Bazaar   | Found Roidaprich's Magic Scroll Shop.
 49886 | Bazaar   | Found Humyecol's Antique Weapon Emporium.
 49897 | Bazaar   | Found Diyjaq's Gadget Boutique.
 49905 | Bazaar   | Found Rewk's Antique Armour Boutique.
 49913 | Bazaar   | Bought a creamy pearl robe for 96 gold pieces
 49913 | Bazaar   | Identified the +1 robe of the Hot Ocelot {Str+5 Dex+2} (You bought it in a shop in a bazaar)
 49930 | Bazaar   | Bought the cursed +3 robe of Folly {Archmagi, MR-- Int+5 *Curse} for 510 gold pieces
 49954 | Bazaar   | Bought a shimmering long sword for 195 gold pieces
 49954 | Bazaar   | Bought a dazzling morningstar for 207 gold pieces
 49965 | Bazaar   | Bought a crystal ball of energy for 240 gold pieces
 49984 | Bazaar   | Identified the +9 morningstar "Fefuss" {crush, MP+9 Dex+3} (You bought it in a shop in a bazaar)
 49985 | Bazaar   | Identified the +8 long sword of Broken Luck {freeze, rElec rN+} (You bought it in a shop in a bazaar)
 50050 | Vaults:1 | Found a sparkling altar of Nemelex Xobeh.
 50216 | Vaults:1 | Reached skill level 15 in Spellcasting
 50952 | Vaults:2 | Got a twisted cloak
 50953 | Vaults:2 | Identified the cursed +0 cloak of the Sun {rN+ MP+9 Str+4} (You found it on level 2 of the Vaults)
 51353 | Vaults:2 | Found a staircase to the Crypt.
 52006 | Vaults:2 | Reached skill level 23 in Conjurations
 52780 | Vaults:2 | Found a portal to a secret trove of treasure.
 53491 | Vaults:3 | Noticed Wiglaf
 53495 | Vaults:3 | Killed Wiglaf
 53495 | Vaults:3 | Reached XP level 20. HP: 128/128 MP: 42/42
 54051 | Vaults:3 | Got a smelly chain mail
 54052 | Vaults:3 | Identified the +6 chain mail "Xamunk" {rElec Str+3 Stlth+} (You found it on level 3 of the Vaults)
 55769 | Vaults:4 | Noticed an ancient lich
 55770 | Vaults:4 | Reached skill level 24 in Conjurations
 57108 | Vaults:4 | Found Tificw's Food Boutique.
 57170 | Vaults:4 | Killed an ancient lich
 57388 | Vaults:4 | Reached XP level 21. HP: 133/133 MP: 44/44
 57391 | Vaults:4 | Reached skill level 15 in Fighting
 59324 | Depths:1 | Entered Level 1 of the Depths
 59335 | Depths:1 | HP: 3/134 [spark wasp (14)]
 59571 | Depths:1 | Reached skill level 25 in Conjurations
 59718 | Depths:1 | Found a snail-covered altar of Cheibriados.
 60262 | Depths:1 | Found a one-way gate to the infinite horrors of the Abyss.
 60306 | Depths:1 | Found a one-way gate leading to the halls of Pandemonium.
 60657 | Depths:1 | Found a gateway to Hell.
 60697 | Depths:1 | Noticed Nikola
 60705 | Depths:1 | Killed Nikola
 60709 | Depths:1 | Got a pair of twisted gloves
 61073 | Depths:2 | Found a gateway to a ziggurat.
 61534 | Depths:2 | Noticed Norris
 61580 | Depths:2 | Paralysed by Norris for 6 turns
 61614 | Depths:2 | Killed Norris
 61614 | Depths:2 | Reached XP level 22. HP: 137/140 MP: 17/46
 62421 | Depths:2 | Noticed Jorgrun
 62424 | Depths:2 | Killed Jorgrun
 62430 | Depths:2 | Reached skill level 26 in Conjurations
 62439 | Depths:2 | Noticed a juggernaut
 62472 | Depths:2 | Killed a juggernaut
 62700 | Depths:2 | Identified the +1 pair of gloves of the Forest {*Drain Str+6} (You took it off Nikola on level 1 of the Depths)
 64215 | Depths:3 | Noticed Mara
 64218 | Depths:3 | Killed Mara
 64997 | Depths:3 | Reached XP level 23. HP: 144/144 MP: 49/49
 66258 | Depths:4 | Reached skill level 27 in Conjurations
 66835 | Depths:4 | Found Oplodoh's Armour Shop.
 67423 | Depths:5 | Entered Level 5 of the Depths
 67423 | Depths:5 | Noticed Boris
 67427 | Depths:5 | Killed Boris
 67613 | Depths:5 | Learned a level 6 spell: Invisibility
 67632 | Depths:5 | Reached skill level 1 in Hexes
 68249 | Depths:5 | Reached skill level 5 in Hexes
 68673 | Depths:5 | Reached XP level 24. HP: 70/150 MP: 34/51
 68900 | Depths:5 | Found a gate to the Realm of Zot.
 69597 | Crypt:1  | Entered Level 1 of the Crypt
 69943 | Crypt:1  | Noticed an ancient lich
 70166 | Crypt:1  | Killed an ancient lich
 72222 | Crypt:2  | Reached skill level 10 in Hexes
 72302 | Crypt:2  | Found a basalt altar of Yredelemnul.
 72340 | Crypt:2  | Reached skill level 1 in Fire Magic
 72561 | Crypt:2  | Learned a level 9 spell: Fire Storm
 72660 | Crypt:2  | Found a basalt altar of Yredelemnul.
 73367 | Crypt:3  | Entered Level 3 of the Crypt
 73373 | Crypt:3  | Reached skill level 5 in Fire Magic
 74576 | Crypt:3  | Identified the Guide on Mutagenic Evil Rites
 74851 | Crypt:3  | Reached XP level 25. HP: 155/155 MP: 40/52
 75077 | Crypt:3  | Found a staircase to the Tomb.
 75124 | Crypt:3  | Noticed an ancient lich
 75128 | Crypt:3  | Killed an ancient lich
 75140 | Crypt:3  | Identified Sif Muna's Guide on the Rocks
 75729 | Elf:1    | Entered Level 1 of the Elven Halls
 76034 | Elf:1    | Found Vanagua's Magic Scroll Emporium.
 76042 | Elf:1    | Bought a scroll of recharging for 161 gold pieces
 76042 | Elf:1    | Bought a scroll of amnesia for 59 gold pieces
 76085 | Elf:1    | Got a pair of crude gloves
 76086 | Elf:1    | Identified the +2 pair of gloves of Vanity {SInv Stlth+} (You found it on level 1 of the Elven Halls)
 76189 | Elf:1    | Noticed Frances
 76200 | Elf:1    | Killed Frances
 76733 | Elf:1    | Found an ancient bone altar of Kikubaaqudgha.
 76893 | Elf:2    | Reached skill level 10 in Fire Magic
 77488 | Elf:2    | Found a huge runed gate.
 77488 | Elf:2    | Found a huge runed gate.
 77489 | Elf:2    | Found a huge runed gate.
 78099 | Elf:3    | Entered Level 3 of the Elven Halls
 78211 | Elf:3    | Found Zeliusch's Book Boutique.
 78229 | Elf:3    | Bought a book of Flames for 595 gold pieces
 78235 | Elf:3    | Learned a level 5 spell: Fireball
 78312 | Elf:3    | Learned a level 8 spell: Lehudib's Crystal Spear
 78861 | Elf:3    | Got a spiked leather armour
 78862 | Elf:3    | Identified the +1 leather armour of Pantheism {rN+ Str+2} (You found it on level 3 of the Elven Halls)
 78905 | Elf:3    | Learned a level 6 spell: Haste
 78911 | Elf:3    | Got an ancient ice dragon armour
 78912 | Elf:3    | Identified the +1 ice dragon armour "Iluhann" {rF- rC++ rCorr Int+3 Dex+3} (You found it on level 3 of the Elven Halls)
 78947 | Elf:3    | Identified a +8 rod of clouds (6/11) (You took it off a deep elf knight on level 3 of the Elven Halls)
 79181 | Elf:3    | Learned a level 6 spell: Deflect Missiles
 79702 | Slime:1  | Entered Level 1 of the Pits of Slime
 79723 | Slime:1  | Gained mutation: Your magical capacity is low (-10% MP). [a shining eye]
 80241 | Slime:1  | Reached XP level 26. HP: 160/160 MP: 48/48
 80668 | Elf:3    | Bought a book of Fire for 1105 gold pieces
 80675 | Elf:3    | Learned a level 5 spell: Fireball
 80683 | Elf:3    | Learned a level 7 spell: Delayed Fireball
 83452 | Slime:6  | Entered Level 6 of the Pits of Slime
 83498 | Slime:6  | Reached skill level 15 in Fire Magic
 83541 | Slime:6  | Noticed the Royal Jelly
 83687 | Slime:5  | Reached skill level 10 in Charms
 84271 | Slime:6  | Killed the Royal Jelly
 84331 | Slime:6  | Identified a +5 rod of inaccuracy (14/14) (You found it on level 6 of the Pits of Slime)
 84349 | Slime:6  | Got a twisted cloak
 84350 | Slime:6  | Identified the +1 cloak of Sin {Stlth+} (You found it on level 6 of the Pits of Slime)
 84353 | Slime:6  | Identified Sif Muna's Handbook of the Flying Entourage
 84391 | Slime:6  | Got a slimy rune of Zot
 84418 | Slime:6  | Got a twisted dagger
 84419 | Slime:6  | Identified the +10 dagger "Vahocekk" {pierce, rF+} (You found it on level 6 of the Pits of Slime)
 84435 | Slime:6  | Identified a +7 rod of shadows (9/9) (You found it on level 6 of the Pits of Slime)
 85094 | Vaults:4 | Gained mutation: Scrolls take you a little longer to read. [mutagenic glow]
 85334 | Vaults:5 | Entered Level 5 of the Vaults
 85376 | Vaults:4 | Lost mutation: Your mind is acute. (Int +2) [mutagenic glow]
 86052 | Vaults:5 | Noticed Mennas
 86322 | Vaults:4 | Killed Mennas
 86576 | Vaults:5 | Reached XP level 27. HP: 159/165 MP: 48/48
 86586 | Vaults:5 | Noticed an ancient lich
 86590 | Vaults:5 | Killed an ancient lich
 86613 | Vaults:5 | Noticed an ancient lich
 86981 | Vaults:5 | Reached skill level 10 in Earth Magic
 86981 | Vaults:5 | Killed an ancient lich
 87835 | Vaults:5 | Got a shimmering scale mail
 87838 | Vaults:5 | Identified the cursed +1 scale mail "Rismoq" {rElec} (You found it on level 5 of the Vaults)
 88069 | Vaults:5 | Got a silver rune of Zot
 88896 | Zot:1    | Entered Level 1 of the Realm of Zot
 89285 | Zot:2    | Reached skill level 10 in Air Magic
 90036 | Zot:4    | Noticed an ancient lich
 90038 | Zot:4    | Killed an ancient lich
 90972 | Zot:5    | Entered Level 5 of the Realm of Zot
 91179 | Zot:5    | Noticed an orb of fire
 91183 | Zot:5    | Noticed an orb of fire
 91183 | Zot:5    | Killed an orb of fire
 91185 | Zot:5    | Killed an orb of fire
 91473 | Zot:5    | Noticed an orb of fire
 91478 | Zot:5    | Reached skill level 15 in Earth Magic
 91513 | Zot:5    | Noticed an ancient lich
 91513 | Zot:5    | Noticed an ancient lich
 91520 | Zot:5    | HP: 1/165 [Orb Guardian (22)]
 91520 | Zot:5    | Demolished by a Killer Klown

Skill      XL: |  1  2  3  4  5  6  7  8  9 10 11 12 13 14 15 16 17 18 19 20 21 22 23 24 25 26 27 |
---------------+----------------------------------------------------------------------------------+-----
Conjurations   | 5 6 7 8 9 11 13 14 15 16 17 18 19 20 21 22 23 24 25 26 27 | 27.0
Dodging        | 3 4 5 7 10 12 13 14 15 16 17 18 19 20 22 23 24 25 | 25.0
Charms         | 2 4 6 11 12 | 12.0
Spellcasting   | 5 6 10 12 13 14 16 17 18 20 22 23 24 25 | 25.0
Fighting       | 1 4 6 8 10 11 12 13 14 15 | 15.0
Air Magic      | 3 5 11 | 11.7
Earth Magic    | 2 4 7 9 15 | 15.1
Poison Magic   | 4 7 |  7.0
Shields        | 4 |  4.3
Translocations | 3 |  3.0
Hexes          | 5 10 | 10.0
Fire Magic     | 7 13 16 22 | 22.7
Stealth        | |  2.4

Action                   |  1- 3 |  4- 6 |  7- 9 | 10-12 | 13-15 | 16-18 | 19-21 | 22-24 | 25-27 || total
-------------------------+-------+-------+-------+-------+-------+-------+-------+-------+-------++-------
Melee: Flail             |       |       |     5 |    12 |     8 |    62 |     8 |     2 |       ||    97
       Dagger            |       |       |       |       |       |       |       |       |     1 ||     1
       Staff             |       |       |       |       |       |       |       |       |     5 ||     5
 Cast: Magic Dart        |    85 |    86 |   144 |   332 |  1118 |   258 |    11 |     4 |       ||  2038
       Searing Ray       |     1 |    21 |    46 |    65 |    53 |     6 |     2 |       |       ||   194
       Iskenderun's Batt |       |       |    24 |    75 |   219 |   127 |    62 |    58 |     7 ||   572
       Mephitic Cloud    |       |       |       |    15 |    23 |     2 |    12 |       |       ||    52
       Orb of Destructio |       |       |       |    20 |    97 |    39 |     7 |    10 |    57 ||   230
       Iron Shot         |       |       |       |       |    48 |   299 |   462 |   808 |   101 ||  1718
       Iskenderun's Myst |       |       |       |       |       |   424 |   560 |   244 |   355 ||  1583
       Repel Missiles    |       |       |       |       |       |     6 |     6 |     1 |     1 ||    14
       Blink             |       |       |       |       |       |     5 |     1 |       |       ||     6
       Delayed Fireball  |       |       |       |       |       |       |     3 |     4 |     2 ||     9
       Cure Poison       |       |       |       |       |       |       |     1 |       |       ||     1
       Lehudib's Crystal |       |       |       |       |       |       |       |       |   383 ||   383
       Fire Storm        |       |       |       |       |       |       |       |       |   116 ||   116
       Fireball          |       |       |       |       |       |       |       |       |    13 ||    13
       Deflect Missiles  |       |       |       |       |       |       |       |       |     5 ||     5
       Haste             |       |       |       |       |       |       |       |       |     8 ||     8
       Invisibility      |       |       |       |       |       |       |       |       |     1 ||     1
 Abil: Release Delayed F |       |       |       |       |       |       |     3 |     4 |     2 ||     9
Evoke: Wand              |       |     3 |     4 |     5 |     4 |    12 |     1 |       |     1 ||    30
       Stone of tremors  |       |       |       |       |       |     1 |       |       |       ||     1
  Use: Scroll            |       |    14 |     6 |    17 |    20 |    13 |    22 |     9 |    33 ||   134
       Potion            |       |       |     1 |     5 |     3 |    15 |     4 |     1 |     7 ||    36
 Stab: Confused          |       |       |       |       |     1 |       |       |       |       ||     1
  Eat: Chunk             |     2 |    11 |    19 |    46 |   117 |    41 |    26 |    15 |    10 ||   287
       Fruit             |       |       |     3 |     1 |     3 |     3 |     1 |     6 |     4 ||    21
       Pizza             |       |       |       |     4 |     5 |     4 |     1 |     2 |     2 ||    18
       Beef jerky        |       |       |       |       |     5 |     4 |     1 |     2 |     7 ||    19
       Royal jelly       |       |       |       |       |     2 |       |       |     1 |       ||     3
       Meat ration       |       |       |       |       |       |     3 |     1 |     2 |     5 ||    11
Armor: Robe              |     3 |     3 |    38 |     5 |     6 |       |       |       |       ||    55
       Leather armour    |       |       |       |   106 |    11 |   112 |    64 |    59 |       ||   352
       Swamp dragon armo |       |       |       |       |   132 |       |       |       |       ||   132
       Skin              |       |       |       |       |       |    85 |       |       |       ||    85
       Ring mail         |       |       |       |       |       |       |       |       |    55 ||    55
Dodge: Dodged            |    11 |    21 |    71 |   144 |   202 |   273 |   216 |   147 |   188 ||  1273
       Deflected         |       |       |       |       |       |    66 |    49 |     8 |    41 ||   164
Block: Buckler           |       |       |       |       |       |    49 |   110 |    70 |    77 ||   306
